 Dungeon Crawl Stone Soup version 0.23-a0-384-g3a68796 (webtiles) character file.

1689 BingusPrime the Quickloader (level 8, -10/74 HPs)
             Began as a Deep Dwarf Hunter on Oct 27, 2018.
             Was a Believer of Makhleb.
             Mangled by a troll (17 damage)
             ... on level 6 of the Dungeon.
             The game lasted 00:24:02 (5789 turns).

BingusPrime the Quickloader (Deep Dwarf Hunter)     Turns: 5789, Time: 00:24:03

Health: -10/74     AC:  4    Str: 17    XL:     8   Next: 71%
Magic:  5/5        EV: 14    Int: 11    God:    Makhleb [**....]
Gold:   154        SH:  0    Dex: 15    Spells: 7/7 levels left

rFire    . . .     SeeInvis .   D - +2 scythe (freeze)
rCold    . . .     Gourm    .   (shield currently unavailable)
rNeg     . . .     Faith    .   c - +1 leather armour
rPois    .         Spirit   .   (no helmet)
rElec    .         Reflect  .   (no cloak)
rCorr    .         Harm     .   (no gloves)
MR       +....                  (no boots)
Stlth    ++........             (no amulet)
HPRegen  0.00/turn              (no ring)
MPRegen  0.09/turn              (no ring)

@: non-regenerating
A: damage resistance, heal wounds, sense surroundings 1, no regeneration
a: Heal Wounds, Minor Destruction, Renounce Religion


You were on level 6 of the Dungeon.
You worshipped Makhleb.
Makhleb was pleased with you.
You were not hungry.

You visited 1 branch of the dungeon, and saw 6 of its levels.
You also visited: Sewer.

You collected 154 gold pieces.

Inventory:

Hand Weapons
 a - a +2 hand crossbow
 b - a +0 short sword
 d - a +2 flail of pain
 v - a +1 dagger of holy wrath
 D - a +2 scythe of freezing (weapon)
Missiles
 l - 47 poisoned needles
 o - 39 bolts
 y - 2 tomahawks (quivered)
Armour
 c - a +1 leather armour (worn)
Jewellery
 g - a -3 ring of strength
Wands
 A - a wand of polymorph (14)
Scrolls
 h - a scroll of magic mapping
 k - 3 scrolls of teleportation
 m - 3 scrolls of blinking
 n - a scroll of fog
 t - 4 scrolls of enchant weapon
 w - 2 scrolls of identify
 B - a scroll of fear {unknown}
 E - a scroll of noise {unknown}
 G - a scroll of remove curse
 H - a scroll of amnesia {unknown}
Potions
 e - a potion of magic {unknown}
 i - a potion of heal wounds
 j - 5 potions of agility
 p - a potion of cancellation {unknown}
 q - 2 potions of curing
 r - a potion of might {unknown}
 s - a potion of brilliance
 u - a potion of degeneration {unknown}
 x - 3 potions of mutation {unknown}
 z - 3 potions of lignification {unknown}
 C - a potion of berserk rage {unknown}
 F - a potion of resistance {unknown}
 J - a potion of ambrosia {unknown}
Comestibles
 f - 15 rations
 I - 2 chunks of flesh


   Skills:
 * Level 5.0 Fighting
 - Level 2.7 Short Blades
 + Level 2.6 Maces & Flails
 + Level 1.4 Polearms
 * Level 8.3 Crossbows
 + Level 1.8 Throwing
 + Level 3.3 Armour
 + Level 4.4 Dodging
 + Level 2.0 Stealth


You had 7 spell levels left.
You didn't know any spells.
Your spell library was empty.

Dungeon Overview and Level Annotations

Branches:
Dungeon (6/15)
 Temple: D:4-7

Altars:
Fedhas
Kikubaaqudgha
Makhleb
Nemelex Xobeh
The Shining One

Shops:
D:4 =


Innate Abilities, Weirdness & Mutations

You are resistant to damage.
You can heal yourself by infusing magical energy.
You passively map a small area around you.
You do not regenerate.


Message History

Your +2 scythe of freezing glows with a cold blue light!
D - a +2 scythe of freezing (weapon)
You slash the troll! You freeze the troll.
The troll is heavily wounded.
The troll bites you.
The troll closely misses you. x2; The troll bites you.
The troll misses you. The troll claws you!
You slash the troll! You freeze the troll.
The troll is almost dead.
The troll bites you. The troll barely misses you. The troll claws you.
The troll barely misses you. The troll claws you! The troll barely misses you.
You barely miss the troll.
The troll is severely wounded.
The troll bites you!
* * * LOW HITPOINT WARNING * * *
The troll claws you.
* * * LOW HITPOINT WARNING * * *
The troll claws you!
* * * LOW HITPOINT WARNING * * *
The troll bites you!!
You die...

, , ,
,......(..#
* ,
........# *
.......####
*
.........,*
, * ,,
......# , *
* .....#, *
* *#T...#
#@...# ***
#....# * ,
.....# *
,,........,
,,.......###
, ../.....#
* .......###
, ..$.....#*
, , ,,


You could see a troll.

Vanquished Creatures
  Sigmund (D:5)
  Edmund (D:4)
  An orc warrior (D:5)
  An ogre (D:4)
  A centaur (D:5)
  A scorpion (D:4)
  2 vampire bats (D:4)
  A bullfrog zombie (D:5)
  A centaur zombie (D:5)
  A quasit (D:5)
  2 jellies
  7 orc wizards
  5 orc priests
  2 iguanas (D:5)
  A centaur skeleton (D:4)
  2 worker ants
  A killer bee zombie (D:5)
  12 gnolls
  11 adders
  An adder zombie (D:3)
  5 worms
  2 dart slugs
  7 leopard geckos
  17 orcs
  2 bat skeletons (D:4)
  5 bat zombies (D:4)
  7 giant cockroaches
  7 hobgoblins
  10 jackals
  4 quokkas
  4 ball pythons (Sewer)
  14 bats
  5 frilled lizards
  12 goblins
  24 kobolds
  8 rats
  A plant (Sewer)
189 creatures vanquished.

Notes
Turn   | Place    | Note
-------+----------+-------------------------------------------
     0 | D:1      | BingusPrime the Deep Dwarf Hunter began the quest for the
                  | Orb.
     0 | D:1      | Reached XP level 1. HP: 19/19 MP: 1/1
   223 | D:1      | Reached XP level 2. HP: 26/26 MP: 2/2
   421 | D:1      | Reached skill level 5 in Crossbows
   708 | D:1      | Reached XP level 3. HP: 30/32 MP: 3/3
  1732 | D:2      | Reached XP level 4. HP: 19/39 MP: 4/4
  1773 | D:2      | Reached skill level 1 in Armour
  1977 | D:2      | Found a blossoming altar of Fedhas.
  2138 | D:2      | Reached skill level 6 in Crossbows
  2351 | D:3      | Reached XP level 5. HP: 32/46 MP: 4/4
  2441 | D:3      | Found a glowing drain.
  2472 | Sewer    | Entered a sewer
  3542 | D:3      | Reached skill level 1 in Throwing
  3545 | D:3      | Reached skill level 1 in Short Blades
  3545 | D:3      | Reached XP level 6. HP: 38/55 MP: 5/5
  4135 | D:4      | Found a sparkling altar of Nemelex Xobeh.
  4167 | D:4      | HP: 2/56 [worm (8)]
  4260 | D:4      | Noticed Edmund
  4345 | D:4      | Killed Edmund
  4345 | D:4      | Reached XP level 7. HP: 39/62 MP: 6/6
  4491 | D:4      | Found a burning altar of Makhleb.
  4506 | D:4      | Found a glowing golden altar of the Shining One.
  4525 | D:4      | Became a worshipper of Makhleb the Destroyer
  4601 | D:4      | Reached skill level 7 in Crossbows
  4624 | D:4      | Found Ocyth's Jewellery Emporium.
  4820 | D:4      | Found an ancient bone altar of Kikubaaqudgha.
  4823 | D:4      | Reached XP level 8. HP: 59/72 MP: 5/5
  5050 | D:4      | Reached skill level 1 in Maces & Flails
  5156 | D:5      | Entered Level 5 of the Dungeon
  5163 | D:5      | Reached * piety under Makhleb
  5455 | D:5      | Noticed Sigmund
  5468 | D:5      | Killed Sigmund
  5535 | D:5      | Reached skill level 8 in Crossbows
  5632 | D:5      | Reached skill level 5 in Fighting
  5648 | D:5      | Reached ** piety under Makhleb
  5648 | D:5      | Reached skill level 1 in Polearms
  5781 | D:6      | Noticed a troll
  5789 | D:6      | Mangled by a troll

Vault maps used:
D:1:      minmay_arrival_four_loops, chequers_garden
D:2:      nicolae_overflow_hidden_temple
D:3:      gup_sewer_entry_pipe, minmay_unequal
D:4:      lemuel_doored_altar, amethyst_overflow_temple_binary,
          kennysheep_vampire_church, first_ration, serial_shops, shop,
          uniq_edmund
D:5:      corexii_shack_village, uniq_sigmund
D:6:      basic_altar, uniq_grinder
Sewer:    sewer_co_scattered_pipes

Skill      XL: |  1  2  3  4  5  6  7  8 |
---------------+-------------------------+-----
Fighting       | 2 3 4 5 |  5.0
Crossbows      | 5 6 7 8 |  8.3
Armour         | 1 2 3 |  3.3
Throwing       | 1 |  1.8
Short Blades   | 1 2 |  2.7
Dodging        | 3 4 |  4.4
Maces & Flails | 2 |  2.6
Stealth        | 2 |  2.0
Polearms       | 1 |  1.4

Action                   |  1- 3 |  4- 6 |  7- 9 || total
-------------------------+-------+-------+-------++-------
Melee: Short sword       |       |   308 |       ||   308
       Dagger            |       |   188 |     4 ||   192
       Flail             |       |       |    96 ||    96
       Scythe            |       |       |    19 ||    19
 Fire: Hand crossbow     |    82 |    69 |   112 ||   263
Throw: Tomahawk          |       |    75 |     3 ||    78
       Throwing net      |       |     1 |       ||     1
 Abil: Heal Wounds       |       |    13 |     6 ||    19
  Use: Scroll            |       |    13 |       ||    13
       Potion            |       |     1 |       ||     1
 Stab: Sleeping          |       |       |     3 ||     3
  Eat: Chunk             |     2 |     9 |     6 ||    17
Armor: Leather armour    |    12 |    95 |    70 ||   177
Dodge: Dodged            |    22 |   322 |   154 ||   498

Table legend:
 A = Non-vault XP
 B = Vault XP
 C = Vault XP percentage of total XP
 D = Non-vault monster count
 E = Vault monster count
 F = Vault count percentage of total count
                 A         B        C        D         E       F
            +---------+---------+-------+---------+---------+-------
      Total |    1780 |     633 |  26.2 |     134 |      54 |  28.7
            +---------+---------+-------+---------+---------+-------
        D:1 |      43 |       0 |   0.0 |      21 |       0 |   0.0
        D:2 |     139 |       0 |   0.0 |      32 |       0 |   0.0
        D:3 |     139 |      25 |  15.2 |      24 |       9 |  27.3
        D:4 |     784 |     285 |  26.7 |      34 |      10 |  22.7
        D:5 |     673 |     245 |  26.7 |      22 |      11 |  33.3
        D:6 |       2 |       0 |   0.0 |       1 |       0 |   0.0
      Sewer |       0 |      78 | 100.0 |       0 |      24 | 100.0
            +---------+---------+-------+---------+---------+-------
